 Dungeon Crawl Stone Soup version 0.21-a0-525-ga34b322 (webtiles) character file.

1248 Amnesiac the Shooter (level 8, -1/60 HPs)
             Began as a Mummy Arcane Marksman on Dec 8, 2017.
             Was an Initiate of Okawaru.
             Slain by a wight
             ... wielding a +0 halberd
              (15 damage)
             ... on level 7 of the Dungeon.
             The game lasted 00:19:07 (9376 turns).

Amnesiac the Shooter (Mummy Arcane Marksman)        Turns: 9376, Time: 00:19:08

Health: -1/60      AC:  6    Str: 19    XL:     8   Next: 26%
Magic:  12/12      EV: 13    Int: 15    God:    Okawaru [......]
Gold:   314        SH:  3    Dex: 12    Spells: 3/13 levels left

rFire    . . .     SeeInvis .   b - +3 whip (venom)
rCold    + + .     Gourm    .   (no shield)
rNeg     + + +     Faith    .   B - +2 leather armour "Xyuc" {rF+ rCorr Int+3}
rPois    ∞         Spirit   .   (no helmet)
rElec    .         Reflect  +   (no cloak)
rCorr    +         Harm     .   x - +0 pair of gloves
MR       +....                  (no boots)
Stlth    +.........             w - +3 amulet of reflection
HPRegen  0.20/turn              o - ring of protection from cold
MPRegen  0.13/turn              r - +3 ring of strength

@: no status effects
A: no food or potions, fire vulnerability, cold resistance 1, negative energy
resistance 3, torment resistance, unbreathing
a: Renounce Religion


You were on level 7 of the Dungeon.
You worshipped Okawaru.
Okawaru was noncommittal.
You were not hungry.

You visited 2 branches of the dungeon, and saw 8 of its levels.
You also visited: Bailey.

You collected 314 gold pieces.

Inventory:

Hand Weapons
 a - a +0 shortbow
 b - a +3 whip of venom (weapon)
 s - a +0 hunting sling
 H - a +1 halberd of electrocution
Missiles
 d - 63 arrows
 e - 26 sling bullets
 g - 137 stones (quivered)
 p - 10 poisoned needles
 C - 66 tomahawks of returning
Armour
 u - a +0 plate armour
 v - the +3 leather armour "Kilitog" {Str+4}
   (You found it on level 4 of the Dungeon)

   It affects your strength (+4).
 x - a +0 pair of gloves (worn)
 B - the +2 leather armour "Xyuc" (worn) {rF+ rCorr Int+3}
   (You found it on level 5 of the Dungeon)

   It affects your intelligence (+3).
   It protects you from fire.
   It protects you from acid and corrosion.
Jewellery
 f - an uncursed amulet of faith
 h - an uncursed amulet of harm
 j - an uncursed ring of teleportation
 k - an uncursed ring of stealth
 m - an uncursed ring of flight
 o - a ring of protection from cold (left hand)
 r - a +3 ring of strength (right hand)
 w - a +3 amulet of reflection (around neck)
Wands
 D - a wand of iceblast (10)
Scrolls
 i - 4 scrolls of remove curse {!r}
 l - 5 scrolls of teleportation {!r}
 n - a scroll of fear {!r}
 q - 2 scrolls of enchant armour {!r}
 t - a scroll of amnesia {!r}
 y - a scroll of fog {!r}
 A - 2 scrolls of magic mapping {!r}
 E - a scroll of identify {!r}
Books
 c - a book of Debilitation

   Spells                             Type                      Level
   a - Corona                         Hexes                        1
   b - Slow                           Hexes                        2
   c - Inner Flame                    Hexes/Fire                   3
   d - Portal Projectile              Hexes/Translocation          3
   e - Cause Fear                     Hexes                        4
   f - Leda's Liquefaction            Hexes/Earth                  4


   Skills:
 + Level 4.1 Fighting
 * Level 5.3 Bows
 + Level 3.2 Armour
 + Level 3.3 Dodging
 - Level 3.0 Spellcasting
 + Level 3.5 Hexes


You had 3 spell levels left.
You knew the following spells:

 Your Spells              Type           Power        Failure   Level  Hunger
a - Corona                Hex            ##.....      5%          1    N/A
b - Portal Projectile     Hex/Tloc       #.....       34%         3    N/A
c - Cause Fear            Hex            ##........   47%         4    N/A
e - Slow                  Hex            ##......     9%          2    N/A

Dungeon Overview and Level Annotations

Branches:
Dungeon (7/15)             Temple (1/1) D:7

Altars:
Ashenzari
Cheibriados
Dithmenos
Elyvilon
Gozag
Hepliaklqana
Kikubaaqudgha
Makhleb
Nemelex Xobeh
Okawaru
Ru
Sif Muna
Trog
Uskayaw
Vehumet
Wu Jian
Xom
Yredelemnul
Zin
The Shining One


Innate Abilities, Weirdness & Mutations

You do not eat or drink.
Your flesh is vulnerable to fire.
You are immune to poison.
Your flesh is cold resistant. (rC+)
You are immune to negative energy. (rN+++)
You are immune to unholy pain and torment.
You can survive without breathing.


Message History

There is an empty arch of ancient stone here.
You hit the wight but do no damage. The wight barely misses you.
The goblin barely misses you. The wight hits you with a long sword!
You hit the wight.
The wight is moderately damaged.
The goblin hits you but does no damage. The wight barely misses you.
The centaur skeleton misses you. The goblin barely misses you.
You hit the wight but do no damage.
The wight is moderately damaged.
The centaur skeleton barely misses you. The wight hits you with a long sword!
The wight closely misses you. The goblin hits you with a hand axe.
The centaur skeleton misses you.
You barely miss the goblin. The centaur skeleton barely misses you.
The wight hits you but does no damage. You block the goblin's attack.
The wight closely misses you. The centaur skeleton misses you.
The wight misses you.
You hit the goblin.
The goblin is heavily wounded.
The centaur skeleton barely misses you. The goblin misses you.
The wight hits you from afar with a halberd.
The centaur skeleton closely misses you.
The wight closely misses you. The goblin misses you.
Wield which item (- for none, * to show all)? (? for menu, Esc to quit)
Your +1 halberd of electrocution stops crackling.
Your +3 whip of venom begins to drip with poison!
b - a +3 whip of venom (weapon)
The wight hits you from afar with a halberd!
* * * LOW HITPOINT WARNING * * *
The centaur skeleton closely misses you.
You whack the goblin!
You kill the goblin!
The wight hits you with a long sword.
* * * LOW HITPOINT WARNING * * *
The centaur skeleton barely misses you. The wight barely misses you.
You hit the goblin.
The goblin is severely wounded.
The centaur skeleton hits you.
* * * LOW HITPOINT WARNING * * *
The wight hits you with a long sword.
* * * LOW HITPOINT WARNING * * *
The goblin completely misses you. You block the wight's attack.
You barely miss the goblin.
The goblin is severely wounded.
The centaur skeleton hits you.
* * * LOW HITPOINT WARNING * * *
The wight barely misses you. The centaur skeleton barely misses you.
You block the goblin's attack. You block the wight's attack.
You hit the goblin.
You kill the goblin!
Okawaru accepts your kill.
The centaur skeleton hits you but does no damage.
The wight hits you with a long sword.
* * * LOW HITPOINT WARNING * * *
The wight barely misses you.
The centaur skeleton hits you but does no damage.
The wight barely misses you. The centaur skeleton hits you.
* * * LOW HITPOINT WARNING * * *
There is an empty arch of ancient stone here.
Items here: )) †† a hand axe x2; a goblin corpse x2
The wight misses you.
The centaur skeleton hits you but does no damage.
The wight hits you with a halberd!
You die...

#.... #..#
#.##.######..##
...#.....##....
≈≈............. .#
#####≈.........#...
..#.
#...#≈........###..
....≈#Zz.#≈.......##
#..
#...≈#z..#≈......##
#.. #..≈##@##≈......#
##.
####.≈≈≈≈≈≈≈......##
#.
...............#...##
#.
...!...........#....##
#.
##............##....##
####..........#.....##
#...######...........
##......###...........
#.....................


You could see 2 wights and a centaur skeleton.

Vanquished Creatures
  Eustachio (D:4)
  An orc warrior (Bailey)
  An ogre (D:6)
  A centaur (D:6)
  2 wights (Temple)
  A crimson imp (D:6)
  2 jellies
  A hound (D:6)
  An orc wizard (D:6)
  A bullfrog skeleton (D:4)
  An iguana (D:5)
  4 worker ants
  A hound zombie (D:5)
  19 gnolls
  8 adders
  A shadow imp (D:2)
  2 oozes
  2 adder zombies (D:7)
  A worm (D:2)
  5 dart slugs
  A leopard gecko (D:5)
  19 orcs
  2 ball pythons
  9 bats
  4 giant cockroaches
  14 hobgoblins
  13 jackals
  20 kobolds
  A quokka (D:6)
  6 frilled lizards
  10 goblins
  A jackal skeleton (D:5)
  A quokka skeleton (D:7)
  7 rats
164 creatures vanquished.

Notes
Turn   | Place    | Note
-------+----------+-------------------------------------------
     0 | D:1      | Amnesiac the Mummy Arcane Marksman began the quest for the Orb.
     0 | D:1      | Reached XP level 1. HP: 15/15 MP: 2/2
   111 | D:1      | Reached skill level 1 in Armour
   434 | D:1      | Reached XP level 2. HP: 11/21 MP: 4/4
  1335 | D:2      | Reached XP level 3. HP: 19/27 MP: 5/5
  1533 | D:2      | Reached skill level 2 in Bows
  1717 | D:2      | Learned a level 2 spell: Slow
  2111 | D:2      | Reached XP level 4. HP: 24/33 MP: 6/6
  2288 | D:2      | Reached skill level 3 in Bows
  3305 | D:3      | Reached XP level 5. HP: 38/38 MP: 5/7
  4626 | D:4      | Got a dazzling leather armour
  4708 | D:4      | Identified the +3 leather armour "Kilitog" {Str+4} (You found it on level 4 of the Dungeon)
  5183 | D:4      | Reached XP level 6. HP: 37/46 MP: 8/8
  5842 | D:5      | Entered Level 5 of the Dungeon
  5842 | D:5      | Noticed Eustachio
  6305 | D:4      | Killed Eustachio
  6305 | D:4      | Reached skill level 4 in Bows
  6575 | D:5      | Reached XP level 7. HP: 27/52 MP: 10/10
  6733 | D:5      | Got an encrusted leather armour
  6744 | D:5      | Identified the +2 leather armour "Xyuc" {rF+ rCorr Int+3} (You found it on level 5 of the Dungeon)
  6776 | D:5      | Found a shadowy altar of Dithmenos.
  7769 | D:6      | HP: 1/53 [something/magic dart (8)]
  7932 | D:6      | Found a shimmering altar of Xom.
  7945 | D:6      | Learned a level 3 spell: Portal Projectile
  7950 | D:6      | Learned a level 4 spell: Cause Fear
  8042 | D:6      | Found a snail-covered altar of Cheibriados.
  8261 | D:7      | Found a staircase to the Ecumenical Temple.
  8274 | Temple   | Entered the Ecumenical Temple
  8299 | Temple   | Became a worshipper of Warmaster Okawaru
  8314 | Temple   | Reached skill level 5 in Bows
  8409 | D:7      | Found a flagged portal.
  8419 | D:7      | Reached XP level 8. HP: 38/60 MP: 12/12
  8424 | Bailey   | Entered a bailey
  9376 | D:7      | Slain by a wight

Vault maps used:
D:1:      dpeg_arrival_houses_and_road, st_stairs_8, minmay_crystal_room
D:2:      minmay_wonky_spiral
D:3:      minivault_25
D:4:      kennysheep_generic_room_16
D:5:      first_bread, grunt_decor_cap, minmay_misc_feat_roman,
          nicolae_dithmenos_through_a_glass_darkly, uniq_eustachio
D:6:      minitemple
D:7:      minmay_temple_entry_overgrown, enter_bailey_3
Temple:   compressed_dpeg_circular_temple
Bailey:   bailey_axe_2, bailey

Skill      XL: |  1  2  3  4  5  6  7  8 |
---------------+-------------------------+-----
Armour         | 1 2 3 |  3.2
Fighting       | 2 3 4 |  4.1
Bows           | 2 3 4 5 |  5.3
Dodging        | 2 3 |  3.3
Hexes          | 3 |  3.5
Spellcasting   | 2 3 |  3.0

Action                   |  1- 3 |  4- 6 |  7- 9 || total
-------------------------+-------+-------+-------++-------
Melee: Short sword       |   101 |   107 |    37 ||   245
       Unarmed           |     7 |       |       ||     7
       Flail             |       |   105 |       ||   105
       Whip              |       |       |    32 ||    32
       Halberd           |       |       |    83 ||    83
 Fire: Shortbow          |    81 |    42 |    88 ||   211
       Hunting sling     |       |    27 |       ||    27
 Cast: Corona            |     5 |    16 |    16 ||    37
       Slow              |       |    11 |    15 ||    26
  Use: Scroll            |     3 |     6 |     4 ||    13
 Stab: Sleeping          |       |     3 |     1 ||     4
       Distracted        |       |       |     1 ||     1
Armor: Chain mail        |   113 |   159 |       ||   272
       Leather armour    |       |    75 |    60 ||   135
Dodge: Dodged            |    57 |   187 |   185 ||   429
Block: Other             |       |    23 |    31 ||    54
       Reflection        |       |       |     3 ||     3

Table legend:
 A = Spawn XP
 B = Non-spawn XP
 C = Spawn XP percentage of total XP
 D = Spawn monster count
 E = Non-spawn monster count
 F = Spawn count percentage of total count
 G = Total turns spent on level
                    A         B        C        D         E        F      G
               +---------+---------+-------+---------+---------+-------+---------
         Total |       0 |    1784 |   0.0 |       0 |     164 |   0.0 |  9376
               +---------+---------+-------+---------+---------+-------+---------
           D:1 |       0 |      40 |   0.0 |       0 |      22 |   0.0 |  1559
           D:2 |       0 |     109 |   0.0 |       0 |      21 |   0.0 |  1517
           D:3 |       0 |     163 |   0.0 |       0 |      32 |   0.0 |  1615
           D:4 |       0 |     362 |   0.0 |       0 |      16 |   0.0 |  1784
           D:5 |       0 |     198 |   0.0 |       0 |      15 |   0.0 |   651
           D:6 |       0 |     423 |   0.0 |       0 |      14 |   0.0 |   839
           D:7 |       0 |      21 |   0.0 |       0 |       8 |   0.0 |   345
        Temple |       0 |     115 |   0.0 |       0 |       2 |   0.0 |   128
        Bailey |       0 |     353 |   0.0 |       0 |      34 |   0.0 |   938
               +---------+---------+-------+---------+---------+-------+---------
